 Dungeon Crawl Stone Soup version 0.31-a0-931-g7b59d4eb97 (webtiles) character file.

Game seed: 11587903283704970767

328 Persephone the Ruffian (level 6, -6/54 HPs)
             Began as a Troll Shapeshifter on Oct 19, 2023.
             Mangled by an orc
             ... wielding a +0 flail
              (8 damage)
             ... on level 3 of the Dungeon.
             The game lasted 00:02:33 (1352 turns).

Persephone the Ruffian (Troll Shapeshifter)         Turns: 1352, Time: 00:02:35

Health: -6/54      AC:  4    Str: 25    XL:     6   Next: 25%
Magic:  5/5        EV:  9    Int:  6    God:
Gold:   92         SH:  0    Dex:  9    Spells: 5/5 levels left

rFire   . .          .
                       - Unarmed
rCold   . . .        (no shield)
rNeg    . . .        a - +0 animal skin
rPois   .            (helmet currently unavailable)
rElec   .            (cloak currently unavailable)
rCorr   .            (gloves unavailable)
SInv    .            (boots unavailable)
Will    .....        (no amulet)
Stlth   +            (no ring)
HPRegen 1.09/turn    (no ring)
MPRegen 0.09/turn

%: no passive effects
@: beast-form
A: beast (slay +2), large, unfitting armour, claws 3, regeneration 1, shaggy fur
1, tough skin 1
a: Begin Untransformation


You were on level 3 of the Dungeon.
You were a hulking beast.
You visited 1 branch of the dungeon, and saw 3 of its levels.

You collected 92 gold pieces.

Inventory:

Armour
 a - a +0 animal skin (worn)
Jewellery
 j - a ring of fire
Talismans
 c - a beast talisman (active)
 d - a flux talisman
Scrolls
 e - a scroll of noise {unknown}
 f - 2 scrolls of teleportation {unknown}
 g - 2 scrolls of identify {unknown}
 i - a scroll of vulnerability {unknown}
Potions
 b - a potion of lignification
 h - 3 potions of curing {unknown}


   Skills:
 - Level 0.7 Fighting
 - Level 1.5 Dodging
 + Level 5.4 Unarmed Combat
 + Level 5.1 Shapeshifting


You had 5 spell levels left.
You didn't know any spells.
Your spell library was empty.

Dungeon Overview and Level Annotations

Branches:
Dungeon (3/15)

Altars:

Annotations:
D:3 Natasha


Innate Abilities, Weirdness & Mutations

You are a hulking beast.
Your limbs bulge with bestial killing power. (Slay +2)
You are too large for most types of armour.
You have claws for hands.
Your natural rate of healing is unusually fast.
You are covered in fur. (AC +1)
You have tough skin. (AC +1)


Message History

You are too injured to fight recklessly!
You are too injured to fight recklessly!
You are too injured to fight recklessly!
You are too injured to fight recklessly!
You are too injured to fight recklessly!
You are too injured to fight recklessly!
You are too injured to fight recklessly!
You are too injured to fight recklessly!
You barely miss Terence.
Terence is almost dead.
The ball python closely misses you. The orc hits you but does no damage.
The orc hits you with a +0 flail. Terence closely misses you.
You scratch Terence.
You kill Terence!
The ball python bites you.
Natasha casts a spell.
The orc hits you with a +0 dagger. The orc hits you with a +0 flail.
Your Shapeshifting skill increases to level 5!
You claw the orc priest!
The orc priest is heavily wounded.
The ball python bites you. The orc barely misses you.
The orc priest hits you but does no damage.
The orc hits you with a +0 short sword. The orc hits you with a +0 flail.
You claw the orc priest!
You kill the orc priest!
The ball python bites you but does no damage. x2
You scratch Natasha.
Natasha is moderately wounded.
The orc hits you but does no damage. x2; Natasha zaps a wand.
The puff of flame hits you!
* * * LOW HITPOINT WARNING * * *
The orc barely misses you. The ball python barely misses you.
You miss Natasha.
Natasha is moderately wounded.
Natasha claws you!
* * * LOW HITPOINT WARNING * * *
The orc hits you with a +0 short sword.
* * * LOW HITPOINT WARNING * * *
The orc completely misses you. The orc hits you with a +0 flail!
You die...

#####......########
#...#..###..#
#......# #..#
##'##..# #..#
#...#..# +..#
#..8#..# #..#
#######.#######
........o.....#
......Sho#..###
.#.....ho..##
....####5#....#
.##. ....... .
....#.. # .##.# .
.# .. .# ..


You could see Natasha, a cerulean imp (summoned), 3 orcs and a ball python.

Vanquished Creatures
  Sigmund (D:2)
  An orc priest (D:3)
  Terence (D:3)
  An orc wizard (D:3)
  2 adders (D:2)
  2 dart slugs
  4 orcs (D:3)
  4 endoplasms
  A giant cockroach (D:1)
  4 jackals (D:1)
  2 kobolds
  A quokka (D:2)
  7 ball pythons
  8 bats
  6 frilled lizards
  4 goblins (D:1)
  8 rats
57 creatures vanquished.

Notes
Turn   | Place    | Note
-------+----------+-------------------------------------------
     0 | D:1      | Persephone the Troll Shapeshifter began the quest for the
                  | Orb.
     0 | D:1      | Reached XP level 1. HP: 18/18 MP: 0/0
   119 | D:1      | Reached XP level 2. HP: 26/26 MP: 1/1
   711 | D:2      | Reached XP level 3. HP: 32/32 MP: 2/2
   743 | D:2      | Noticed Sigmund
   757 | D:2      | Killed Sigmund
   758 | D:2      | Reached XP level 4. HP: 4/40 MP: 3/3
   758 | D:2      | Reached XP level 5. HP: 4/46 MP: 4/4
   943 | D:2      | Reached skill level 5 in Unarmed Combat
  1274 | D:3      | Reached XP level 6. HP: 28/54 MP: 5/5
  1339 | D:3      | Noticed Terence
  1341 | D:3      | Noticed Natasha
  1348 | D:3      | Killed Terence
  1349 | D:3      | Reached skill level 5 in Shapeshifting
  1352 | D:3      | HP: 2/54 [orc/+0 short sword (5)]
  1352 | D:3      | Mangled by an orc

Illustrated notes

Levels and vault maps discovered:
D:1:      dpeg_arrival_rhombi, layout_basic, minmay_indecisive_spiral
D:2:      layout_rooms, skrybe_limestone_x, uniq_sigmund
D:3:      layout_basic, elyvilon_altar_4,
          mainiacjoe_overflow_concentric_impassable,
          shapermc_ecumenical_altar_mp_vishouse, uniq_terence, uniq_natasha

Skill      XL: |  1  2  3  4  5  6 |
---------------+-------------------+-----
Unarmed Combat | 4 5 |  5.4
Shapeshifting  | 4 5 |  5.1
Fighting       | |  0.7
Dodging        | |  1.5

Action                     |  1- 3 |  4- 6 || total
---------------------------+-------+-------++-------
  Melee: Unarmed           |    75 |    58 ||   133
         Punch             |       |     2 ||     2
 Armour: Animal skin       |    47 |    54 ||   101
  Dodge: Dodged            |    54 |    33 ||    87

Table legend: (Time is in decaauts)
 A = Elapsed time spent in this place.
 B = Non-inter-level travel time spent in this place.
 C = Inter-level travel time spent in this place.
 D = Time resting spent in this place.
 E = Time spent auto-exploring this place.
 F = Levels seen in this place.
 G = Mean time per level.
                   A        B        C        D        E       F      G
               +--------+--------+--------+--------+--------+-----+--------+
         Total |   1343 |   1276 |     67 |      0 |   1005 |   3 |  447.7 |
       Dungeon |   1343 |   1276 |     67 |      0 |   1005 |   3 |  447.7 |
               +--------+--------+--------+--------+--------+-----+--------+

Top non-repeatable levels by time:
     D:1: 703 daAuts
     D:2: 568 daAuts
     D:3: 71 daAuts
